WCHLSIM.com - West Coast Hockey League
html PUBLIC "-//W3C//DTD XHTML 1.0 Transitional//EN" "http://www.w3.org/TR/xhtml1/DTD/xhtml1-transitional.dtd"> WCHL - Game 1119 - PHOENIX MUSTANGS vs OAKLAND GORILLAS

PHOENIX MUSTANGS vs OAKLAND GORILLAS

Created - 28 mars 2024 at 23:33

Goals
1 2 3 T
PHOENIX MUSTANGS 0 1 0 1
OAKLAND GORILLAS 1 1 1 3
Shots
1 2 3 T
PHOENIX MUSTANGS 3 7 2 12
OAKLAND GORILLAS 10 19 8 37

1st period

1. OAKLAND GORILLAS , Aleksander Barkov 37 (Mark Stone 37, Jared Spurgeon 14) at 6:39

Penalties :
Marcus Foligno (OAK) for Hooking (Minor) at 14:09

2nd period

2. OAKLAND GORILLAS , Patrice Bergeron 28 (Colton Sissons 28, Hampus Lindholm 29) at 1:07
3. PHOENIX MUSTANGS , Arthur Kaliyev 7 (Mike Sgarbossa 1) at 8:31

Penalties :
Marcus Foligno (OAK) for Hooking (Minor) at 9:42, Arthur Kaliyev (PHX) for Holding (Minor) at 15:56

3rd period

4. OAKLAND GORILLAS , Alex Pietrangelo 7 (Mark Stone 38, Aleksander Barkov 34) at 19:53

Penalties :
No Penalty

Goalie Stats

Jake Allen (PHX), 34 saves from 37 shots - (0,919), L, 17-28-2, 60:00 minutes
Alexandar Georgiev (OAK), 11 saves from 12 shots - (0,917), W, 32-24-5, 60:00 minutes

Players Stats for PHOENIX MUSTANGS

Player Name              G  A  P  +/- PIM S  H  SB GA TA FO     MP     PP MP  PK MP  
------------------------------------------------------------------------------------
Alex Barre-Boulet        0  0  0   0  0   0  0  0  0  0  0/1     8:43   0:50   0:00 
Andreas Athanasiou       0  0  0  -2  0   0  1  0  0  0  6/29   21:40   1:43   0:59 
Arthur Kaliyev           1  0  1   0  2   1  1  0  0  0  0/0    13:37   0:50   0:00 
Chris Terry              0  0  0   0  0   0  0  0  0  0  0/0    12:48   0:00   0:00 
Conor Garland            0  0  0   0  0   1  1  0  0  0  0/0    15:54   1:25   0:00 
Conor Sheary             0  0  0  -2  0   3  0  0  0  0  0/1    21:36   1:43   1:00 
Gavin Bayreuther         0  0  0  -1  0   0  2  3  0  0  0/0    19:57   0:45   0:36 
Ilya Lyubushkin          0  0  0  -1  0   0  0  0  0  0  0/0    20:52   1:35   0:36 
Jesper Fast              0  0  0   0  0   1  1  0  0  0  0/0    16:53   1:25   0:59 
John Klingberg           0  0  0  -2  0   0  1  3  0  0  0/0    22:40   1:43   1:23 
Jonathan Miller          0  0  0   0  0   1  2  0  0  0  3/7     7:53   0:00   0:00 
Juuso Parssinen          0  0  0   0  0   0  0  0  0  0  11/20  15:54   1:25   0:00 
Laurent Dauphin          0  0  0   0  0   0  0  0  0  0  0/1     8:43   0:50   0:00 
Matt Irwin               0  0  0  -2  0   1  0  0  0  0  0/0    18:05   1:09   0:00 
Mike Sgarbossa           0  1  1   0  0   0  1  0  0  0  3/7    12:48   0:00   0:00 
Taylor Hall              0  0  0  -2  0   4  1  0  0  0  0/0    21:41   1:43   1:00 
Tyler Wotherspoon        0  0  0   1  0   0  1  2  0  0  0/0    20:18   1:14   1:20 
Xavier Ouellet           0  0  0   1  0   0  1  1  0  0  0/0    17:58   1:30   0:03 

Players Stats for OAKLAND GORILLAS

Player Name              G  A  P  +/- PIM S  H  SB GA TA FO     MP     PP MP  PK MP  
------------------------------------------------------------------------------------
Aleksander Barkov        1  1  2   2  0   5  0  0  0  0  11/15  19:04   0:51   0:00 
Alex Pietrangelo         1  0  1   2  0   2  2  1  0  0  0/0    22:45   1:08   2:50 
Cameron York             0  0  0  -1  0   0  3  0  0  0  0/0    17:26   0:00   0:00 
Colton Sissons           0  1  1   1  0   6  1  0  0  0  0/0    17:29   0:00   1:36 
David Kampf              0  0  0   1  0   0  1  0  0  0  2/4    17:24   0:00   1:31 
Gabriel Dumont           0  0  0   1  0   0  0  0  0  0  0/0     3:16   0:00   0:00 
Hampus Lindholm          0  1  1   2  0   0  0  0  0  0  0/0    22:45   1:08   2:50 
Jack McBain              0  0  0   0  0   0  0  0  0  0  0/0     4:33   0:00   2:04 
Jamie Oleksiak           0  0  0   1  0   0  1  0  0  0  0/0    18:58   0:00   1:08 
Jared Spurgeon           0  1  1   1  0   2  1  0  0  0  0/0    19:49   0:51   1:08 
Jordan Kyrou             0  0  0  -1  0   4  0  0  0  0  0/1    19:52   1:08   0:57 
Logan Couture            0  0  0  -1  0   5  4  0  0  0  11/24  18:55   1:08   0:00 
Marcus Foligno           0  0  0   1  4   0  2  0  0  0  0/0    17:05   0:00   0:00 
Mark Stone               0  2  2   2  0   2  0  0  0  0  2/3    18:45   0:51   0:00 
Patrice Bergeron         1  0  1   1  0   5  1  0  0  0  14/16  20:24   0:51   1:30 
Patrik Laine             0  0  0  -1  0   4  0  0  0  0  3/3    19:13   1:08   0:18 
Shayne Gostisbehere      0  0  0  -1  0   2  1  0  0  0  0/0    18:17   0:51   0:00 
Vincent Desharnais       0  0  0   0  0   0  0  0  0  0  0/0     0:00   0:00   0:00 

3 Stars

1 - Aleksander Barkov (OAK)
2 - Alex Pietrangelo (OAK)
3 - Mark Stone (OAK)

Power Play

PHOENIX MUSTANGS - 0 on 2 Attempt(s) - 0,00%
OAKLAND GORILLAS - 0 on 1 Attempt(s) - 0,00%

Penalty Kill

PHOENIX MUSTANGS - 1 on 1 Attempt(s) - 100,00% - Score 0 goal in Penalty Kill
OAKLAND GORILLAS - 2 on 2 Attempt(s) - 100,00% - Score 0 goal in Penalty Kill

Team Stat

PHOENIX MUSTANGS - Hits : 13 - Faceoff Wins : 23 - Blocked Shots : 9 - Penalty Minutes : 2
OAKLAND GORILLAS - Hits : 17 - Faceoff Wins : 43 - Blocked Shots : 1 - Penalty Minutes : 4

Official

Referees : Andrew Wilk and Jon McIsaac
Linesman : James Tobias and Scott Cherrey

Game Notes

No Game Note

Finance

Level 1 -- Attendance: 4632 (77,20%) -- Ticket Income 833 760 $
Level 2 -- Attendance: 4920 (98,40%) -- Ticket Income 492 000 $
Level 3 -- Attendance: 1781 (89,05%) -- Ticket Income 169 195 $
Level 4 -- Attendance: 3271 (81,78%) -- Ticket Income 245 325 $
Luxury Box -- Attendance: 942 (94,20%) -- Ticket Income 226 080 $
Total Attendance: 15546 (86,37%)
Total Ticket Income: 1 966 360 $
Other Expense: 19 664 $
Total Income: 1 946 696 $

PHOENIX MUSTANGS

5 vs 5 Forward 
   Center                   Left Wing                Right Wing               Time % Phy DF OF 
 1 Andreas Athanasiou       Taylor Hall              Conor Sheary             36     1   2  2  
 2 Juuso Parssinen          Conor Garland            Jesper Fast              31     1   2  2  
 3 Mike Sgarbossa           Chris Terry              Arthur Kaliyev           23     1   2  2  
 4 Jonathan Miller          Alex Barre-Boulet        Laurent Dauphin          10     1   2  2  

5 vs 5 Defense 
   Defense                  Defense                                           Time % Phy DF OF 
 1 Matt Irwin               John Klingberg                                    36     1   2  2  
 2 Ilya Lyubushkin          Gavin Bayreuther                                  31     1   2  2  
 3 Tyler Wotherspoon        Xavier Ouellet                                    23     1   2  2  
 4 Ilya Lyubushkin          John Klingberg                                    10     1   2  2  

PowerPlay Forward 
   Center                   Left Wing                Right Wing               Time % Phy DF OF 
 1 Andreas Athanasiou       Taylor Hall              Conor Sheary             55     1   2  2  
 2 Juuso Parssinen          Conor Garland            Jesper Fast              45     1   2  2  

PowerPlay Defense
   Defense                  Defense                                           Time % Phy DF OF 
 1 Matt Irwin               John Klingberg                                    55     1   2  2  
 2 Ilya Lyubushkin          Gavin Bayreuther                                  45     1   2  2  

Penalty Kill 4 Players Forward 
   Center                   Wing                     Time % Phy DF OF 
 1 Taylor Hall              Conor Sheary             55     1   2  2  
 2 Andreas Athanasiou       Jesper Fast              45     1   2  2  

Penalty Kill 4 Players Defense
   Defense                  Defense                  Time % Phy DF OF 
 1 Tyler Wotherspoon        John Klingberg           55     1   2  2  
 2 Ilya Lyubushkin          Gavin Bayreuther         45     1   2  2  

Penalty Kill - 3 Players Forward 
   Forward                                           Time % Phy DF OF 
 1 Taylor Hall                                       55     1   2  2  
 2 Conor Sheary                                      45     1   2  2  

Penalty Kill - 3 Players Defense
   Defense                  Defense                  Time % Phy DF OF 
 1 Matt Irwin               John Klingberg           55     1   2  2  
 2 Ilya Lyubushkin          Gavin Bayreuther         45     1   2  2  

4 vs 4 Forward 
   Center                   Wing                     Time % Phy DF OF 
 1 Taylor Hall              Conor Sheary             55     1   2  2  
 2 Andreas Athanasiou       Jesper Fast              45     1   2  2  

4 vs 4 Defense
   Defense                  Defense                  Time % Phy DF OF 
 1 Xavier Ouellet           John Klingberg           55     1   2  2  
 2 Ilya Lyubushkin          Gavin Bayreuther         45     1   2  2  

Last Minutes Offensive
   Center                   Left Wing                Right Wing               Defense                  Defense                  
   Andreas Athanasiou       Taylor Hall              Conor Sheary             Matt Irwin               John Klingberg           

Last Minutes Defensive
   Center                   Left Wing                Right Wing               Defense                  Defense                  
   Andreas Athanasiou       Taylor Hall              Conor Sheary             Matt Irwin               John Klingberg           

Goaltenders
Starting : Jake Allen               
Backup : Anton Forsberg           

Extra Forwards
Normal : Laurent Dauphin, Taylor Hall, Chris Terry - PP : Laurent Dauphin, Conor Sheary - PK : Chris Terry
Extra Defensemen
Normal : Tyler Wotherspoon, Xavier Ouellet, Ilya Lyubushkin - PP : Tyler Wotherspoon - PK : Xavier Ouellet, Ilya Lyubushkin
Penalty Shots
Taylor Hall, Conor Sheary, Andreas Athanasiou, Jesper Fast, Juuso Parssinen
Custom OT Lines Forwards
Taylor Hall, Conor Sheary, Andreas Athanasiou, Jesper Fast, Juuso Parssinen, Conor Garland, Laurent Dauphin, Chris Terry, Arthur Kaliyev, Jonathan Miller
Custom OT Lines Defensemen
Xavier Ouellet, John Klingberg, Ilya Lyubushkin, Gavin Bayreuther, Tyler Wotherspoon

Scratches
Adam Ruzicka (Separated Right Shoulder Injury), Christian Fischer (Bruised Right Leg Injury), T.J. Brodie (Healthy), Jeff Petry (Separated Right Shoulder Injury)

OAKLAND GORILLAS

5 vs 5 Forward 
   Center                   Left Wing                Right Wing               Time % Phy DF OF 
 1 Aleksander Barkov        Marcus Foligno           Mark Stone               34     0   2  3  
 2 Logan Couture            Patrik Laine             Jordan Kyrou             34     0   2  3  
 3 Patrice Bergeron         David Kampf              Colton Sissons           32     0   2  3  
 4 Patrice Bergeron         Jack McBain              Gabriel Dumont           0      1   4  0  

5 vs 5 Defense 
   Defense                  Defense                                           Time % Phy DF OF 
 1 Hampus Lindholm          Alex Pietrangelo                                  34     0   2  3  
 2 Jared Spurgeon           Jamie Oleksiak                                    33     0   2  3  
 3 Cameron York             Shayne Gostisbehere                               33     1   3  1  
 4 Alex Pietrangelo         Hampus Lindholm                                   0      0   2  3  

PowerPlay Forward 
   Center                   Left Wing                Right Wing               Time % Phy DF OF 
 1 Aleksander Barkov        Patrice Bergeron         Mark Stone               55     0   0  5  
 2 Logan Couture            Patrik Laine             Jordan Kyrou             45     0   0  5  

PowerPlay Defense
   Defense                  Defense                                           Time % Phy DF OF 
 1 Alex Pietrangelo         Hampus Lindholm                                   60     0   2  3  
 2 Shayne Gostisbehere      Jared Spurgeon                                    40     0   2  3  

Penalty Kill 4 Players Forward 
   Center                   Wing                     Time % Phy DF OF 
 1 Patrice Bergeron         Colton Sissons           55     1   4  0  
 2 David Kampf              Marcus Foligno           45     1   4  0  

Penalty Kill 4 Players Defense
   Defense                  Defense                  Time % Phy DF OF 
 1 Alex Pietrangelo         Hampus Lindholm          55     1   4  0  
 2 Jared Spurgeon           Jamie Oleksiak           45     1   4  0  

Penalty Kill - 3 Players Forward 
   Forward                                           Time % Phy DF OF 
 1 Aleksander Barkov                                 55     1   4  0  
 2 Logan Couture                                     45     1   4  0  

Penalty Kill - 3 Players Defense
   Defense                  Defense                  Time % Phy DF OF 
 1 Hampus Lindholm          Alex Pietrangelo         55     1   4  0  
 2 Jared Spurgeon           Jamie Oleksiak           45     1   4  0  

4 vs 4 Forward 
   Center                   Wing                     Time % Phy DF OF 
 1 Logan Couture            Mark Stone               55     1   2  2  
 2 Aleksander Barkov        Patrik Laine             45     1   2  2  

4 vs 4 Defense
   Defense                  Defense                  Time % Phy DF OF 
 1 Hampus Lindholm          Alex Pietrangelo         55     1   2  2  
 2 Jared Spurgeon           Jamie Oleksiak           45     1   2  2  

Last Minutes Offensive
   Center                   Left Wing                Right Wing               Defense                  Defense                  
   Aleksander Barkov        Logan Couture            Mark Stone               Hampus Lindholm          Alex Pietrangelo         

Last Minutes Defensive
   Center                   Left Wing                Right Wing               Defense                  Defense                  
   Aleksander Barkov        Gabriel Dumont           Mark Stone               Hampus Lindholm          Alex Pietrangelo         

Goaltenders
Starting : Alexandar Georgiev       
Backup : Thomas Greiss            

Extra Forwards
Normal : Aleksander Barkov, Logan Couture, Mark Stone - PP : Patrice Bergeron, Colton Sissons - PK : David Kampf
Extra Defensemen
Normal : Alex Pietrangelo, Hampus Lindholm, Jared Spurgeon - PP : Cameron York - PK : Cameron York, Shayne Gostisbehere
Penalty Shots
Aleksander Barkov, Logan Couture, Mark Stone, Jordan Kyrou, Patrice Bergeron
Custom OT Lines Forwards
Aleksander Barkov, Logan Couture, Mark Stone, Patrice Bergeron, Jordan Kyrou, Gabriel Dumont, Patrik Laine, Colton Sissons, Marcus Foligno, David Kampf
Custom OT Lines Defensemen
Alex Pietrangelo, Hampus Lindholm, Jared Spurgeon, Jamie Oleksiak, Cameron York

Scratches
Ilya Mikheyev (Upper Body Injury), Brock Nelson (Broken Bone (Left Arm) Injury)

% Time on Ice - PHOENIX MUSTANGS

Lines # - Real PCT - Wanted PCT - Time Play
Normal Forward
1 - 34% - 36% - 18:06
2 - 27% - 31% - 14:29
3 - 24% - 23% - 12:48
4 - 15% - 10% - 7:53
Normal Defense
1 - 29% - 36% - 15:35
2 - 30% - 31% - 16:08
3 - 30% - 23% - 16:02
4 - 10% - 10% - 5:31
PP Forward
1 - 64% - 55% - 2:33
2 - 36% - 45% - 1:25
PP Defense
1 - 43% - 55% - 1:43
2 - 57% - 45% - 2:15
PK Forward
1 - 50% - 55% - 1:00
2 - 50% - 45% - 0:59
PK Defense
1 - 70% - 55% - 1:23
2 - 30% - 45% - 0:36
PK3 Forward
1 - 0% - 55%
2 - 0% - 45%
PK3 Defense
1 - 0% - 55%
2 - 0% - 45%
44 Forward
1 - 0% - 55%
2 - 0% - 45%
44 Defense
1 - 0% - 55%
2 - 0% - 45%
Last Minute Offensive  - 0:47
Last Minute Defensive  - 0:00
Total
Forward - 60:00
Defense - 60:00

% Time on Ice - OAKLAND GORILLAS

Lines # - Real PCT - Wanted PCT - Time Play
Normal Forward
1 - 32% - 34% - 17:07
2 - 33% - 34% - 17:47
3 - 30% - 32% - 15:53
4 - 5% - 0% - 2:29
Normal Defense
1 - 33% - 34% - 17:34
2 - 33% - 33% - 17:50
3 - 33% - 33% - 17:26
4 - 1% - 0% - 0:26
PP Forward
1 - 43% - 55% - 0:51
2 - 57% - 45% - 1:08
PP Defense
1 - 57% - 60% - 1:08
2 - 43% - 40% - 0:51
PK Forward
1 - 58% - 55% - 2:19
2 - 42% - 45% - 1:39
PK Defense
1 - 71% - 55% - 2:50
2 - 29% - 45% - 1:08
PK3 Forward
1 - 0% - 55%
2 - 0% - 45%
PK3 Defense
1 - 0% - 55%
2 - 0% - 45%
44 Forward
1 - 0% - 55%
2 - 0% - 45%
44 Defense
1 - 0% - 55%
2 - 0% - 45%
Last Minute Offensive  - 0:00
Last Minute Defensive  - 0:47
Total
Forward - 60:00
Defense - 60:00

Play-by-Play

1st period


0:01 of 1st period - Mark Stone wins face-off versus Andreas Athanasiou in neutral zone.
0:04 of 1st period - Shot by Aleksander Barkov.
0:04 of 1st period - Shot Misses the Net.
0:23 of 1st period - Matt Irwin is hit by Marcus Foligno and loses puck.
1:47 of 1st period - Logan Couture is hit by Gavin Bayreuther and loses puck.
1:58 of 1st period - Icing by Ilya Lyubushkin.
1:59 of 1st period - Patrice Bergeron wins face-off versus Juuso Parssinen in PHOENIX MUSTANGS zone.
2:17 of 1st period - Patrice Bergeron is hit by Arthur Kaliyev and loses puck.
2:53 of 1st period - Arthur Kaliyev is hit by Logan Couture and loses puck.
3:42 of 1st period - Mark Stone is hit by Andreas Athanasiou and loses puck.
4:02 of 1st period - Off-side.
4:03 of 1st period - Patrice Bergeron wins face-off versus Jonathan Miller in neutral zone.
4:03 of 1st period - Patrice Bergeron is hit by Jonathan Miller.
4:11 of 1st period - Shot by Shayne Gostisbehere.
4:11 of 1st period - Stopped by Jake Allen without a rebound.
4:12 of 1st period - Patrice Bergeron wins face-off versus Jonathan Miller in PHOENIX MUSTANGS zone.
4:14 of 1st period - David Kampf is hit by Gavin Bayreuther and loses puck.
4:27 of 1st period - Icing by Gavin Bayreuther.
4:28 of 1st period - Patrik Laine wins face-off versus Alex Barre-Boulet in PHOENIX MUSTANGS zone.
5:01 of 1st period - Shot by Jordan Kyrou.
5:01 of 1st period - Stopped by Jake Allen without a rebound.
5:02 of 1st period - Patrice Bergeron wins face-off versus Mike Sgarbossa in PHOENIX MUSTANGS zone.
5:11 of 1st period - Shot by Patrice Bergeron.
5:11 of 1st period - Shot Misses the Net.
6:37 of 1st period - Shot by Aleksander Barkov.
6:37 of 1st period - Stopped by Jake Allen with a rebound.
6:39 of 1st period - Shot by Aleksander Barkov.
6:39 of 1st period - Goal by Aleksander Barkov - PHOENIX MUSTANGS : 0 - OAKLAND GORILLAS : 1.
6:40 of 1st period - Juuso Parssinen wins face-off versus Logan Couture in neutral zone.
7:07 of 1st period - Conor Garland is hit by Alex Pietrangelo and loses puck.
7:30 of 1st period - Shot by Logan Couture.
7:30 of 1st period - Stopped by Jake Allen without a rebound.
7:31 of 1st period - Patrice Bergeron wins face-off versus Jonathan Miller in PHOENIX MUSTANGS zone.
7:31 of 1st period - David Kampf is hit by Xavier Ouellet and loses puck.
7:40 of 1st period - Shot by David Kampf.
7:40 of 1st period - Shot Misses the Net.
7:42 of 1st period - Shot by Patrice Bergeron.
7:42 of 1st period - Stopped by Jake Allen with a rebound.
7:44 of 1st period - Shot by Colton Sissons.
7:44 of 1st period - Stopped by Jake Allen without a rebound.
7:45 of 1st period - Andreas Athanasiou wins face-off versus Mark Stone in PHOENIX MUSTANGS zone.
7:49 of 1st period - Off-side.
7:50 of 1st period - David Kampf wins face-off versus Andreas Athanasiou in neutral zone.
7:50 of 1st period - David Kampf is hit by Taylor Hall.
8:10 of 1st period - Shot by Colton Sissons.
8:10 of 1st period - Stopped by Jake Allen without a rebound.
8:11 of 1st period - Mark Stone wins face-off versus Juuso Parssinen in PHOENIX MUSTANGS zone.
8:44 of 1st period - Shot by Mark Stone.
8:44 of 1st period - Shot Blocked by John Klingberg.
10:05 of 1st period - Icing by Taylor Hall.
10:06 of 1st period - Andreas Athanasiou wins face-off versus Logan Couture in PHOENIX MUSTANGS zone.
10:17 of 1st period - Shot by Taylor Hall.
10:17 of 1st period - Stopped by Alexandar Georgiev with a rebound.
11:49 of 1st period - Shot by Mark Stone.
11:49 of 1st period - Shot Blocked by John Klingberg.
11:58 of 1st period - Chris Terry is hit by David Kampf.
12:14 of 1st period - Shot by Alex Barre-Boulet.
12:14 of 1st period - Shot Misses the Net.
12:30 of 1st period - Shot by Patrice Bergeron.
12:30 of 1st period - Shot Blocked by Gavin Bayreuther.
12:32 of 1st period - Shot by Jared Spurgeon.
12:32 of 1st period - Stopped by Jake Allen without a rebound.
12:33 of 1st period - Logan Couture wins face-off versus Juuso Parssinen in PHOENIX MUSTANGS zone.
12:34 of 1st period - Shot by Jordan Kyrou.
12:34 of 1st period - Shot Misses the Net.
13:34 of 1st period - Icing by Conor Garland.
13:35 of 1st period - Aleksander Barkov wins face-off versus Juuso Parssinen in PHOENIX MUSTANGS zone.
14:02 of 1st period - Shot by Mark Stone.
14:02 of 1st period - Shot Misses the Net.
14:09 of 1st period - Minor Penalty to Marcus Foligno for Hooking.
14:10 of 1st period - Patrice Bergeron wins face-off versus Andreas Athanasiou in OAKLAND GORILLAS zone.
15:03 of 1st period - Icing by Alex Barre-Boulet.
15:04 of 1st period - Patrice Bergeron wins face-off versus Laurent Dauphin in PHOENIX MUSTANGS zone.
16:11 of 1st period - Ilya Lyubushkin is hit by Logan Couture.
16:21 of 1st period - Shot by Logan Couture.
16:21 of 1st period - Shot Misses the Net.
17:24 of 1st period - Conor Garland is hit by Marcus Foligno and loses puck.
17:32 of 1st period - Aleksander Barkov is hit by Tyler Wotherspoon and loses puck.
17:37 of 1st period - Shot by Aleksander Barkov.
17:37 of 1st period - Stopped by Jake Allen without a rebound.
17:38 of 1st period - Patrice Bergeron wins face-off versus Andreas Athanasiou in PHOENIX MUSTANGS zone.
17:54 of 1st period - Taylor Hall is hit by Alex Pietrangelo and loses puck.
18:01 of 1st period - Shot by Taylor Hall.
18:01 of 1st period - Stopped by Alexandar Georgiev with a rebound.
18:03 of 1st period - Shot by Taylor Hall.
18:03 of 1st period - Shot Misses the Net.
18:05 of 1st period - Shot by Conor Sheary.
18:05 of 1st period - Stopped by Alexandar Georgiev without a rebound.
18:06 of 1st period - Jonathan Miller wins face-off versus Aleksander Barkov in OAKLAND GORILLAS zone.
18:09 of 1st period - Shot by Alex Barre-Boulet.
18:09 of 1st period - Shot Misses the Net.
18:35 of 1st period - Mark Stone is hit by Jonathan Miller and loses puck.
19:58 of 1st period - Off-side.
19:59 of 1st period - Logan Couture wins face-off versus Andreas Athanasiou in neutral zone.
Goals for this period are 0 for PHOENIX MUSTANGS vs 1 for OAKLAND GORILLAS.
Shots for this period are 3 for PHOENIX MUSTANGS vs 10 for OAKLAND GORILLAS.

2nd period


0:01 of 2nd period - Patrik Laine wins face-off versus Andreas Athanasiou in neutral zone.
0:24 of 2nd period - Shot by Patrik Laine.
0:24 of 2nd period - Stopped by Jake Allen without a rebound.
0:25 of 2nd period - Patrice Bergeron wins face-off versus Mike Sgarbossa in PHOENIX MUSTANGS zone.
0:30 of 2nd period - Shot by Colton Sissons.
0:30 of 2nd period - Stopped by Jake Allen with a rebound.
1:07 of 2nd period - Shot by Colton Sissons.
1:07 of 2nd period - Deflect By Patrice Bergeron.
1:07 of 2nd period - Goal by Patrice Bergeron - PHOENIX MUSTANGS : 0 - OAKLAND GORILLAS : 2.
1:08 of 2nd period - Andreas Athanasiou wins face-off versus Logan Couture in neutral zone.
1:12 of 2nd period - Taylor Hall is hit by Cameron York and loses puck.
1:28 of 2nd period - Jordan Kyrou is hit by John Klingberg and loses puck.
1:42 of 2nd period - Icing by Cameron York.
1:43 of 2nd period - Juuso Parssinen wins face-off versus Logan Couture in OAKLAND GORILLAS zone.
1:54 of 2nd period - Shot by Jordan Kyrou.
1:54 of 2nd period - Stopped by Jake Allen with a rebound.
2:00 of 2nd period - Shot by Jordan Kyrou.
2:00 of 2nd period - Shot Misses the Net.
2:04 of 2nd period - Shot by Patrik Laine.
2:04 of 2nd period - Shot Hit the Post.
2:06 of 2nd period - Shot by Logan Couture.
2:06 of 2nd period - Stopped by Jake Allen without a rebound.
2:07 of 2nd period - Aleksander Barkov wins face-off versus Mike Sgarbossa in PHOENIX MUSTANGS zone.
2:18 of 2nd period - Shot by Aleksander Barkov.
2:18 of 2nd period - Shot Blocked by Gavin Bayreuther.
2:31 of 2nd period - Arthur Kaliyev is hit by Jared Spurgeon.
2:37 of 2nd period - Shot by Mike Sgarbossa.
2:37 of 2nd period - Shot Misses the Net.
3:09 of 2nd period - Shot by Taylor Hall.
3:09 of 2nd period - Stopped by Alexandar Georgiev with a rebound.
3:11 of 2nd period - Shot by Conor Sheary.
3:11 of 2nd period - Stopped by Alexandar Georgiev with a rebound.
3:13 of 2nd period - Shot by Taylor Hall.
3:13 of 2nd period - Stopped by Alexandar Georgiev without a rebound.
3:14 of 2nd period - Juuso Parssinen wins face-off versus David Kampf in OAKLAND GORILLAS zone.
3:37 of 2nd period - Shot by Alex Pietrangelo.
3:37 of 2nd period - Stopped by Jake Allen without a rebound.
3:38 of 2nd period - Logan Couture wins face-off versus Andreas Athanasiou in PHOENIX MUSTANGS zone.
3:51 of 2nd period - Shot by Jordan Kyrou.
3:51 of 2nd period - Stopped by Jake Allen without a rebound.
3:52 of 2nd period - Mike Sgarbossa wins face-off versus David Kampf in PHOENIX MUSTANGS zone.
4:54 of 2nd period - Icing by Shayne Gostisbehere.
4:55 of 2nd period - Logan Couture wins face-off versus Andreas Athanasiou in OAKLAND GORILLAS zone.
5:16 of 2nd period - Icing by Patrik Laine.
5:17 of 2nd period - Juuso Parssinen wins face-off versus Logan Couture in OAKLAND GORILLAS zone.
5:20 of 2nd period - Shot by Conor Garland.
5:20 of 2nd period - Stopped by Alexandar Georgiev without a rebound.
5:21 of 2nd period - Aleksander Barkov wins face-off versus Juuso Parssinen in OAKLAND GORILLAS zone.
5:26 of 2nd period - Shot by Aleksander Barkov.
5:26 of 2nd period - Shot Misses the Net.
5:40 of 2nd period - Shot by Mark Stone.
5:40 of 2nd period - Shot Misses the Net.
5:48 of 2nd period - Shot by Mark Stone.
5:48 of 2nd period - Deflect By Aleksander Barkov.
5:48 of 2nd period - Stopped by Jake Allen without a rebound.
5:49 of 2nd period - Logan Couture wins face-off versus Andreas Athanasiou in PHOENIX MUSTANGS zone.
5:52 of 2nd period - Shot by Patrik Laine.
5:52 of 2nd period - Shot Misses the Net.
6:10 of 2nd period - Shot by Conor Sheary.
6:10 of 2nd period - Shot Misses the Net.
6:14 of 2nd period - Shot by Conor Sheary.
6:14 of 2nd period - Stopped by Alexandar Georgiev with a rebound.
6:16 of 2nd period - Shot by Matt Irwin.
6:16 of 2nd period - Shot Misses the Net.
6:18 of 2nd period - Shot by Matt Irwin.
6:18 of 2nd period - Stopped by Alexandar Georgiev without a rebound.
6:19 of 2nd period - Juuso Parssinen wins face-off versus Aleksander Barkov in OAKLAND GORILLAS zone.
6:20 of 2nd period - Shot by Conor Garland.
6:20 of 2nd period - Deflect By Jesper Fast.
6:20 of 2nd period - Shot Blocked by Alex Pietrangelo.
7:46 of 2nd period - Shot by Patrice Bergeron.
7:46 of 2nd period - Stopped by Jake Allen without a rebound.
7:47 of 2nd period - Andreas Athanasiou wins face-off versus Logan Couture in PHOENIX MUSTANGS zone.
7:59 of 2nd period - Icing by Cameron York.
8:00 of 2nd period - Mike Sgarbossa wins face-off versus Logan Couture in OAKLAND GORILLAS zone.
8:31 of 2nd period - Shot by Mike Sgarbossa.
8:31 of 2nd period - Deflect By Arthur Kaliyev.
8:31 of 2nd period - Goal by Arthur Kaliyev - PHOENIX MUSTANGS : 1 - OAKLAND GORILLAS : 2.
8:32 of 2nd period - Patrice Bergeron wins face-off versus Andreas Athanasiou in neutral zone.
9:42 of 2nd period - Minor Penalty to Marcus Foligno for Hooking.
9:43 of 2nd period - Juuso Parssinen wins face-off versus Jordan Kyrou in OAKLAND GORILLAS zone.
11:45 of 2nd period - Conor Garland is hit by Shayne Gostisbehere.
12:07 of 2nd period - Cameron York is hit by Mike Sgarbossa and loses puck.
12:22 of 2nd period - Shot by Mark Stone.
12:22 of 2nd period - Stopped by Jake Allen without a rebound.
12:23 of 2nd period - Jonathan Miller wins face-off versus Logan Couture in PHOENIX MUSTANGS zone.
12:47 of 2nd period - Alex Barre-Boulet is hit by Jamie Oleksiak and loses puck.
13:31 of 2nd period - Icing by Cameron York.
13:32 of 2nd period - Patrice Bergeron wins face-off versus Andreas Athanasiou in OAKLAND GORILLAS zone.
14:48 of 2nd period - Shot by Mark Stone.
14:48 of 2nd period - Stopped by Jake Allen without a rebound.
14:49 of 2nd period - Logan Couture wins face-off versus Juuso Parssinen in PHOENIX MUSTANGS zone.
15:16 of 2nd period - Shot by Logan Couture.
15:16 of 2nd period - Shot Misses the Net.
15:18 of 2nd period - Shot by Logan Couture.
15:18 of 2nd period - Stopped by Jake Allen without a rebound.
15:19 of 2nd period - Mike Sgarbossa wins face-off versus Patrice Bergeron in PHOENIX MUSTANGS zone.
15:19 of 2nd period - Mike Sgarbossa is hit by Colton Sissons.
15:39 of 2nd period - Arthur Kaliyev is hit by Cameron York.
15:50 of 2nd period - Chris Terry is hit by Cameron York and loses puck.
15:56 of 2nd period - Minor Penalty to Arthur Kaliyev for Holding.
15:57 of 2nd period - Patrik Laine wins face-off versus Conor Sheary in PHOENIX MUSTANGS zone.
16:20 of 2nd period - Shot by Patrik Laine.
16:20 of 2nd period - Stopped by Jake Allen without a rebound.
16:21 of 2nd period - Aleksander Barkov wins face-off versus Andreas Athanasiou in PHOENIX MUSTANGS zone.
16:24 of 2nd period - Shot by Patrice Bergeron.
16:24 of 2nd period - Stopped by Jake Allen with a rebound.
17:26 of 2nd period - Icing by Patrik Laine.
17:27 of 2nd period - Andreas Athanasiou wins face-off versus Logan Couture in OAKLAND GORILLAS zone.
18:18 of 2nd period - Shot by Patrice Bergeron.
18:18 of 2nd period - Stopped by Jake Allen without a rebound.
18:19 of 2nd period - Aleksander Barkov wins face-off versus Jonathan Miller in PHOENIX MUSTANGS zone.
19:00 of 2nd period - Shot by Mark Stone.
19:00 of 2nd period - Deflect By Aleksander Barkov.
19:00 of 2nd period - Stopped by Jake Allen with a rebound.
19:02 of 2nd period - Shot by Shayne Gostisbehere.
19:02 of 2nd period - Shot Blocked by Gavin Bayreuther.
19:04 of 2nd period - Shot by Shayne Gostisbehere.
19:04 of 2nd period - Stopped by Jake Allen without a rebound.
19:05 of 2nd period - Logan Couture wins face-off versus Andreas Athanasiou in PHOENIX MUSTANGS zone.
19:12 of 2nd period - Shot by Patrik Laine.
19:12 of 2nd period - Stopped by Jake Allen without a rebound.
19:13 of 2nd period - Logan Couture wins face-off versus Andreas Athanasiou in PHOENIX MUSTANGS zone.
19:20 of 2nd period - Shot by Jordan Kyrou.
19:20 of 2nd period - Stopped by Jake Allen without a rebound.
19:21 of 2nd period - Andreas Athanasiou wins face-off versus Logan Couture in PHOENIX MUSTANGS zone.
19:49 of 2nd period - Shot by Patrik Laine.
19:49 of 2nd period - Shot Misses the Net.
19:51 of 2nd period - Shot by Logan Couture.
19:51 of 2nd period - Shot Misses the Net.
Goals for this period are 1 for PHOENIX MUSTANGS vs 1 for OAKLAND GORILLAS.
Shots for this period are 7 for PHOENIX MUSTANGS vs 19 for OAKLAND GORILLAS.

3rd period


0:01 of 3rd period - Aleksander Barkov wins face-off versus Juuso Parssinen in neutral zone.
1:44 of 3rd period - Icing by Ilya Lyubushkin.
1:45 of 3rd period - Logan Couture wins face-off versus Andreas Athanasiou in PHOENIX MUSTANGS zone.
1:55 of 3rd period - Andreas Athanasiou is hit by Logan Couture and loses puck.
2:18 of 3rd period - Shot by Logan Couture.
2:18 of 3rd period - Shot Blocked by Xavier Ouellet.
2:51 of 3rd period - Icing by Aleksander Barkov.
2:52 of 3rd period - Juuso Parssinen wins face-off versus Aleksander Barkov in OAKLAND GORILLAS zone.
3:09 of 3rd period - Shot by Jesper Fast.
3:09 of 3rd period - Stopped by Alexandar Georgiev without a rebound.
3:10 of 3rd period - Jonathan Miller wins face-off versus Patrice Bergeron in OAKLAND GORILLAS zone.
3:28 of 3rd period - Shot by Jonathan Miller.
3:28 of 3rd period - Stopped by Alexandar Georgiev without a rebound.
3:29 of 3rd period - Juuso Parssinen wins face-off versus Aleksander Barkov in OAKLAND GORILLAS zone.
3:37 of 3rd period - Icing by Alex Pietrangelo.
3:38 of 3rd period - Aleksander Barkov wins face-off versus Andreas Athanasiou in OAKLAND GORILLAS zone.
6:15 of 3rd period - Shot by Logan Couture.
6:15 of 3rd period - Stopped by Jake Allen without a rebound.
6:16 of 3rd period - Aleksander Barkov wins face-off versus Mike Sgarbossa in PHOENIX MUSTANGS zone.
6:21 of 3rd period - Shot by Mark Stone.
6:21 of 3rd period - Shot Blocked by Tyler Wotherspoon.
6:23 of 3rd period - Shot by Hampus Lindholm.
6:23 of 3rd period - Shot Blocked by Tyler Wotherspoon.
8:12 of 3rd period - Icing by Jordan Kyrou.
8:13 of 3rd period - Juuso Parssinen wins face-off versus Logan Couture in OAKLAND GORILLAS zone.
10:17 of 3rd period - Shot by Colton Sissons.
10:17 of 3rd period - Stopped by Jake Allen with a rebound.
10:19 of 3rd period - Shot by Colton Sissons.
10:19 of 3rd period - Stopped by Jake Allen with a rebound.
10:36 of 3rd period - Shot by Colton Sissons.
10:36 of 3rd period - Shot Misses the Net.
10:38 of 3rd period - Shot by Colton Sissons.
10:38 of 3rd period - Stopped by Jake Allen without a rebound.
10:39 of 3rd period - Juuso Parssinen wins face-off versus Logan Couture in PHOENIX MUSTANGS zone.
10:53 of 3rd period - Off-side.
10:54 of 3rd period - Patrice Bergeron wins face-off versus Andreas Athanasiou in neutral zone.
11:30 of 3rd period - Icing by Jared Spurgeon.
11:31 of 3rd period - Patrice Bergeron wins face-off versus Juuso Parssinen in OAKLAND GORILLAS zone.
11:31 of 3rd period - Patrice Bergeron is hit by Jesper Fast.
11:46 of 3rd period - Shot by Patrice Bergeron.
11:46 of 3rd period - Shot Misses the Net.
12:28 of 3rd period - Shot by Logan Couture.
12:28 of 3rd period - Stopped by Jake Allen without a rebound.
12:29 of 3rd period - Aleksander Barkov wins face-off versus Andreas Athanasiou in PHOENIX MUSTANGS zone.
13:35 of 3rd period - Alex Pietrangelo is hit by Conor Garland and loses puck.
13:59 of 3rd period - Icing by Juuso Parssinen.
14:00 of 3rd period - Juuso Parssinen wins face-off versus Logan Couture in PHOENIX MUSTANGS zone.
14:32 of 3rd period - Shot by Logan Couture.
14:32 of 3rd period - Deflect By Patrik Laine.
14:32 of 3rd period - Shot Misses the Net.
14:34 of 3rd period - Shot by Jared Spurgeon.
14:34 of 3rd period - Stopped by Jake Allen without a rebound.
14:35 of 3rd period - David Kampf wins face-off versus Andreas Athanasiou in PHOENIX MUSTANGS zone.
14:40 of 3rd period - Shot by Patrice Bergeron.
14:40 of 3rd period - Shot Blocked by John Klingberg.
15:05 of 3rd period - John Klingberg is hit by Patrice Bergeron and loses puck.
15:20 of 3rd period - Icing by Andreas Athanasiou.
15:21 of 3rd period - Logan Couture wins face-off versus Andreas Athanasiou in PHOENIX MUSTANGS zone.
16:07 of 3rd period - Jesper Fast is hit by Logan Couture and loses puck.
18:40 of 3rd period - Off-side.
18:41 of 3rd period - Logan Couture wins face-off versus Andreas Athanasiou in neutral zone.
19:06 of 3rd period - Shot by Patrik Laine.
19:06 of 3rd period - Stopped by Jake Allen without a rebound.
19:07 of 3rd period - Aleksander Barkov wins face-off versus Andreas Athanasiou in PHOENIX MUSTANGS zone.
19:17 of 3rd period - Icing by Andreas Athanasiou.
19:18 of 3rd period - Aleksander Barkov wins face-off versus Andreas Athanasiou in PHOENIX MUSTANGS zone.
19:53 of 3rd period - Shot by Alex Pietrangelo.
19:53 of 3rd period - Goal by Alex Pietrangelo - PHOENIX MUSTANGS : 1 - OAKLAND GORILLAS : 3.
19:54 of 3rd period - Patrice Bergeron wins face-off versus Juuso Parssinen in neutral zone.
Goals for this period are 0 for PHOENIX MUSTANGS vs 1 for OAKLAND GORILLAS.
Shots for this period are 2 for PHOENIX MUSTANGS vs 8 for OAKLAND GORILLAS.


OWEN
TIPPETT
GUSTAV
FORSLING
MATTHEW
BOLDY

EAST COAST

HOCKEY LEAGUE

  • 67.PIT4RHI2
  • 68.ATL5WOR3
  • 69.QUECHW
  • 70.CHATRV